 Dungeon Crawl Stone Soup version 0.29-a0-565-g7a16c6de65 (webtiles) character file.

Game seed: 14211937527894994816

14553 27snakeeyes612 the Covert (level 12, -2/114 HPs)
             Began as a Naga Fighter on June 11, 2022.
             Was a High Priest of Okawaru.
             Killed from afar by a gargoyle (8 damage)
             ... with a stone arrow
             ... on level 11 of the Dungeon.
             The game lasted 00:16:17 (16211 turns).

27snakeeyes612 the Covert (Naga Fighter)           Turns: 16211, Time: 00:16:17

Health: -2/114     AC: 34    Str: 18    XL:     12   Next: 17%
Magic:  13/14      EV:  3    Int: 11    God:    Okawaru [*****.]
Gold:   460        SH: 12    Dex: 14    Spells: 11/11 levels left

rFire   + . .      SeeInvis +   g - +2 morningstar (spect)
rCold   . . .      Faith    .   b - +0 kite shield {rF+}
rNeg    . . .      Spirit   .   n - +0 plate armour
rPois   +          Reflect  .   (no helmet)
rElec   +          Harm     .   t - +2 cloak
rCorr   .          Rampage  .   i - +0 pair of gloves
Will    +....                   e - +4 barding of Leapfrog {rElec Str-4 Int+2}
Stlth   ++........              (no amulet)
HPRegen 0.29/turn               u - ring of the Ancients {Dex+2 Slay+4}
MPRegen 0.14/turn               j - +4 ring of protection

@: heroic, very slow
A: AC +4, large, see invisible, deformed body, poison resistance, slowness 2,
spit poison 1, naga tail 1
a: Spit Poison, Renounce Religion, Heroism, Finesse, Duel


You were on level 11 of the Dungeon.
You worshipped Okawaru.
Okawaru was extremely pleased with you.
You visited 1 branch of the dungeon, and saw 11 of its levels.
You also visited: Bailey.

You collected 622 gold pieces.
You spent 162 gold pieces at shops.

Inventory:

Hand Weapons
 a - a +0 flail
 g - a +2 spectral morningstar (weapon)
 y - a +1 flail of protection
Missiles
 H - 2 throwing nets
Armour
 b - a +0 kite shield of fire resistance (worn)
 e - the +4 barding of Leapfrog (worn) {rElec Str-4 Int+2}
   (You acquired it on level 8 of the Dungeon)

   Str:       It affects your strength (-4).
   Int:       It affects your intelligence (+2).
   rElec:     It insulates you from electricity.
 f - a +1 barding of fire resistance
 i - a +0 pair of gloves (worn)
 n - a +0 plate armour (worn)
 t - a +2 cloak (worn)
Jewellery
 c - a ring of positive energy
 h - a ring of wizardry
 j - a +4 ring of protection (right hand)
 u - the ring of the Ancients (left hand) {Dex+2 Slay+4}
   (You acquired it on level 9 of the Dungeon)

   [ring of slaying]

   Dex:       It affects your dexterity (+2).
   Slay:      It affects your accuracy & damage with ranged weapons and melee
   (+4).
 w - a ring of willpower
 x - a ring of protection from fire
 A - a ring of flight
 M - a ring of protection from fire
Wands
 D - a wand of digging (2)
Scrolls
 z - 2 scrolls of enchant armour
 B - a scroll of fog
 C - a scroll of teleportation
 G - a scroll of poison
 J - 3 scrolls of identify
 L - a scroll of brand weapon
 N - a scroll of amnesia
Potions
 d - 3 potions of might
 k - a potion of cancellation
 l - 5 potions of curing
 m - a potion of invisibility
 o - 5 potions of heal wounds
 p - a potion of resistance
 q - 2 potions of magic
 r - 2 potions of attraction {unknown}
 s - a potion of berserk rage
 v - a potion of ambrosia
 E - a potion of brilliance
 F - a potion of flight
 I - a potion of mutation {unknown}
 K - a potion of lignification


   Skills:
 + Level 9.1(14.1) Fighting
 + Level 8.8(13.8) Maces & Flails
 + Level 7.5(12.5) Armour
 + Level 12.9(17.9) Stealth
 + Level 8.2(13.2) Shields
 + Level 3.0 Invocations
 - Level 3.6 Evocations


You had 11 spell levels left.
You didn't know any spells.
Your spell library contained the following spells:

 Spells                   Type           Power      Damage    Failure   Level
 Necrotize                Necr           0%         1d4       100%        1
 Blink                    Tloc           0%         N/A       100%        2
 Ensorcelled Hibernation  Hex/Ice        0%         N/A       100%        2
 Passwall                 Tmut/Erth      0%         N/A       100%        2
 Gell's Gravitas          Tloc           0%         N/A       100%        3
 Ignite Poison            Fire/Tmut/Pois 0%         N/A       100%        3
 Mephitic Cloud           Conj/Pois/Air  0%         N/A       100%        3
 Swiftness                Air            0%         N/A       100%        3
 Teleport Other           Tloc           0%         N/A       100%        3
 Vampiric Draining        Necr           0%         2d6       100%        3
 Agony                    Necr           0%         N/A       100%        5
 Blade Hands              Tmut           0%         N/A       100%        5
 Freezing Cloud           Conj/Ice/Air   0%         6-21      100%        5
 Manifold Assault         Tloc           0%         N/A       100%        5
 Dispersal                Tloc           0%         N/A       100%        6
 Iron Shot                Conj/Erth      0%         9d1       100%        6
 Storm Form               Tmut/Air       0%         N/A       100%        7
 Maxwell's Capacitive Co  Air            0%         ∞         100%        8
 Animate Armour           Summ/Erth      Unusable   N/A       N/A         4
 Summon Lightning Spire   Summ/Air       Unusable   N/A       N/A         4

Dungeon Overview and Level Annotations

Branches:
Dungeon (11/15)            Temple (0/1) D:6            Lair (0/6) D:11
    Orc (0/2) D:9          Bailey (visited)

Altars:
Ashenzari
Cheibriados
Dithmenos
Okawaru
Qazlal
Sif Muna
Trog
Vehumet
Xom
Yredelemnul

Shops:
D:7 *[*=[   D:8 *   D:9 (*   D:11 ?

Annotations:
D:7 1 runed translucent door


Innate Abilities, Weirdness & Mutations

Your serpentine skin is tough. (AC +4)
You have supernaturally acute eyesight. (SInv)
Armour fits poorly on your strangely shaped body.
Your system is resistant to poisons. (rPois)
You cover ground very slowly.
You can spit poison.
You have a snake-like lower body.


Message History

The tengu warrior claws you but does no damage.
You hit the tengu warrior.
The tengu warrior is moderately wounded.
Your +2 spectral morningstar barely misses the tengu warrior.
You block the tengu warrior's attack.
The tengu warrior pecks you but does no damage.
The tengu warrior claws you but does no damage.
The gargoyle hurls a stone arrow at you.
The stone arrow hits you but does no damage.
You sock the tengu warrior!
The tengu warrior is heavily wounded.
Your +2 spectral morningstar completely misses the tengu warrior.
You block the tengu warrior's attack. x2
The tengu warrior claws you but does no damage.
The gargoyle hurls a stone arrow at you.
The stone arrow hits your +2 spectral morningstar!!
Your spectral weapon shares its damage with you!
* * * LOW HITPOINT WARNING * * *
You puncture the tengu warrior!
The tengu warrior is severely wounded.
Your +2 spectral morningstar hits the tengu warrior!!
You kill the tengu warrior!
Okawaru accepts your kill.
Your Invocations skill increases to level 3!
The gargoyle hits you with a +0 mace!
* * * LOW HITPOINT WARNING * * *
You hit the gargoyle.
The gargoyle is lightly damaged.
Your +2 spectral morningstar hits the gargoyle.
You block the gargoyle's attack.
You barely miss the gargoyle.
The gargoyle is moderately damaged.
Your +2 spectral morningstar hits the gargoyle but does no damage.
You block the gargoyle's attack.
You hit the gargoyle but do no damage.
The gargoyle is moderately damaged.
Your +2 spectral morningstar barely misses the gargoyle.
The gargoyle hurls a stone arrow at you.
The stone arrow hits you!
You die...

####..####............
......................
....).................
######..#########..... #..#
#..### #..# #..# ######..#
#..#
........#########..########.#
...............@9............
....#######..§.§(......####
.... #..########..# ... #..#
#..# .. #..# #.)# #..# #†.#
>... #......... ..##.
#..Q...... #....∩....


You could see a gargoyle and a friendly +2 spectral morningstar (summoned).

Vanquished Creatures
  A hydra (D:11)
  A vault guard (D:7)
  A catoblepas (D:10)
  2 centaur warriors
  3 tengu warriors (D:11)
  2 unseen horrors
  A komodo dragon (D:11)
  A tengu conjurer (D:11)
  2 trolls
  A merfolk (Bailey)
  A hornet (D:10)
  A shadow (D:10)
  2 wyverns
  A steam dragon (D:6)
  11 yaks
  3 humans (Bailey)
  Menkaure (D:5)
  An acid dragon (D:10)
  Duvessa (D:7)
  A water moccasin (D:8)
  A floating eye (D:11)
  An ice beast (Bailey)
  A black bear (D:6)
  An orc warrior (D:11)
  A boggart (D:11)
  A centaur (D:10)
  5 ogres
  A phantom (D:5)
  3 kobold brigands
  2 gnoll sergeants
  9 bullfrogs
  3 necrophages
  9 scorpions
  13 wights
  Dowan (D:7)
  5 killer bees
  8 howler monkeys
  A hound (D:6)
  Crazy Yiuf (D:4)
  5 orc priests
  6 gnoll shamans
  4 jellies
  4 iguanas
  Natasha (thrice) (D:3)
  2 orc wizards
  5 adders
  33 gnolls
  An ufetubus (D:7)
  11 worms
  2 dart slugs
  27 orcs
  5 endoplasms
  7 giant cockroaches
  12 goblins
  10 hobgoblins
  6 jackals
  19 kobolds
  2 quokkas
  3 training dummies (D:9)
  4 ball pythons
  5 bats
  A frilled lizard (D:3)
  8 rats
290 creatures vanquished.

Vanquished Creatures (others)
  A plant (D:7)
1 creature vanquished.

Grand Total: 291 creatures vanquished

Notes
Turn   | Place    | Note
-------+----------+-------------------------------------------
     0 | D:1      | 27snakeeyes612 the Naga Fighter began the quest for the
                  | Orb.
     0 | D:1      | Reached XP level 1. HP: 21/21 MP: 1/1
   259 | D:1      | Reached XP level 2. HP: 28/28 MP: 2/2
   457 | D:1      | Reached skill level 1 in Stealth
  1053 | D:2      | Reached XP level 3. HP: 31/34 MP: 3/3
  1475 | D:2      | Found a bloodstained altar of Trog.
  1749 | D:3      | Noticed Natasha
  1758 | D:3      | Killed Natasha
  1759 | D:3      | Reached skill level 2 in Stealth
  1759 | D:3      | Reached XP level 4. HP: 30/42 MP: 4/4
  2063 | D:3      | Noticed Natasha
  2067 | D:3      | Killed Natasha
  2068 | D:3      | Reached skill level 3 in Stealth
  2068 | D:3      | Reached XP level 5. HP: 49/49 MP: 5/5
  2137 | D:3      | Noticed Natasha
  2152 | D:3      | Killed Natasha
  2501 | D:3      | Found a faded altar of an unknown god.
  2815 | D:4      | Reached XP level 6. HP: 57/57 MP: 6/6
  2826 | D:4      | Found a runed translucent door.
  2827 | D:4      | Noticed Crazy Yiuf
  2886 | D:4      | Reached skill level 4 in Stealth
  3184 | D:4      | Reached XP level 7. HP: 56/66 MP: 7/7
  3380 | D:4      | Killed Crazy Yiuf
  3439 | D:5      | Entered Level 5 of the Dungeon
  3707 | D:5      | Reached skill level 5 in Stealth
  3945 | D:5      | Found a radiant altar of Vehumet.
  3946 | D:5      | Found an iron altar of Okawaru.
  3977 | D:5      | Became a worshipper of Warmaster Okawaru
  4448 | D:5      | Identified a scroll of acquirement
  4448 | D:5      | Acquired a +0 barding of fire resistance
  4694 | D:5      | Reached XP level 8. HP: 35/73 MP: 8/8
  5028 | D:5      | Identified the +7 trident "Hulk" {drain, Str+3}
  5294 | D:5      | Noticed Menkaure
  5303 | D:5      | Killed Menkaure
  5303 | D:5      | Reached * piety under Okawaru
  5304 | D:5      | Reached skill level 5 in Fighting
  5304 | D:5      | Reached skill level 6 in Stealth
  6030 | D:6      | Found a staircase to the Ecumenical Temple.
  6425 | D:6      | Reached skill level 5 in Maces & Flails
  6425 | D:6      | Reached skill level 7 in Stealth
  6428 | D:6      | Reached skill level 5 in Shields
  6563 | D:6      | Reached ** piety under Okawaru
  7062 | D:6      | Reached XP level 9. HP: 80/82 MP: 9/9
  7220 | D:6      | Found a bloodstained altar of Trog.
  7220 | D:6      | Found a shimmering altar of Xom.
  7407 | D:7      | Found a flagged portal.
  7407 | D:7      | Found Yrorily's Assorted Antiques.
  7431 | D:7      | Bought a potion of curing for 84 gold pieces
  7444 | Bailey   | Entered a bailey
  7851 | Bailey   | Reached skill level 5 in Armour
  7851 | Bailey   | Reached skill level 8 in Stealth
  8274 | Bailey   | Noticed a vault guard
  8274 | Bailey   | Noticed Prince Ribbit
  8277 | Bailey   | Noticed Prince Ribbit
  8277 | Bailey   | Prince Ribbit changed into Prince Ribbit the ice beast
  8283 | Bailey   | Noticed a merfolk
  8283 | Bailey   | a vault guard changed into a merfolk
  8310 | Bailey   | Killed Prince Ribbit the ice beast
  8326 | Bailey   | Killed a merfolk
  8326 | Bailey   | Reached *** piety under Okawaru
  8327 | Bailey   | Reached skill level 9 in Stealth
  8672 | Bailey   | Noticed a vault guard
  8695 | D:7      | Killed a vault guard
  8696 | D:7      | Reached XP level 10. HP: 42/94 MP: 7/10
  8927 | D:7      | Found a broken altar of Ashenzari.
  9155 | D:7      | Found Pilion's Assorted Antiques.
  9163 | D:7      | Bought a glowing brown potion for 18 gold pieces
  9163 | D:7      | Bought a bubbling grey potion for 18 gold pieces
  9183 | D:7      | Reached **** piety under Okawaru
  9250 | D:7      | Reached skill level 10 in Stealth
  9306 | D:7      | Noticed Duvessa
  9317 | D:7      | Killed Duvessa
  9340 | D:7      | Noticed Dowan
  9344 | D:7      | Killed Dowan
  9371 | D:7      | Found a runed translucent door.
  9373 | D:7      | Found a runed translucent door.
  9590 | D:7      | Found Quwkera's Armour Boutique.
  9781 | D:7      | Found Qerreib's Antique Armour Emporium.
  9849 | D:7      | Found Qosmisch's Jewellery Shoppe.
  9978 | D:7      | Found a basalt altar of Yredelemnul.
 10934 | D:8      | Reached skill level 1 in Evocations
 10951 | D:8      | Found Cafupux's Assorted Antiques.
 10986 | D:8      | Reached ***** piety under Okawaru
 10987 | D:8      | Reached skill level 11 in Stealth
 12457 | D:8      | Acquired the +4 barding of Leapfrog {rElec Str-4 Int+2}
 12509 | D:9      | Reached XP level 11. HP: 103/103 MP: 11/11
 12591 | D:9      | Found Johaget's Firing Range.
 13049 | D:9      | Found Pudurph's General Store.
 13392 | D:9      | Bought a potion of lignification for 42 gold pieces
 13392 | D:9      | Acquired the ring of the Ancients {Dex+2 Slay+4}
 13441 | D:9      | Found a shimmering blue altar of Sif Muna.
 13511 | D:9      | Found a staircase to the Orcish Mines.
 13648 | D:10     | Entered Level 10 of the Dungeon
 13773 | D:10     | Found a stormy altar of Qazlal.
 14001 | D:10     | Found a shadowy altar of Dithmenos.
 14130 | D:10     | Found a snail-covered altar of Cheibriados.
 14999 | D:11     | Noticed a deep elf pyromancer
 15000 | D:11     | a deep elf pyromancer changed into a floating eye
 15001 | D:11     | Paralysed by a floating eye for 4 turns
 15007 | D:11     | Noticed a white ugly thing
 15009 | D:11     | Noticed a five-headed hydra
 15009 | D:11     | Noticed a wizard
 15013 | D:11     | Noticed a skeletal warrior
 15013 | D:11     | Noticed a cyclops
 15237 | D:11     | Noticed a centaur warrior
 15238 | D:11     | Noticed a two-headed ogre
 15257 | D:10     | Killed a centaur warrior
 15257 | D:10     | Received a gift from Okawaru
 15261 | D:10     | Reached skill level 12 in Stealth
 15273 | D:11     | Noticed a centaur warrior
 15512 | D:11     | Killed a centaur warrior
 15515 | D:11     | Reached skill level 1 in Invocations
 15745 | D:11     | Noticed a catoblepas
 15758 | D:10     | Killed a catoblepas
 15889 | D:11     | Noticed a tengu warrior
 15911 | D:11     | Killed a tengu warrior
 16149 | D:11     | Found a staircase to the Lair.
 16162 | D:11     | Found Owaobles's Magic Scroll Emporium.
 16162 | D:11     | Noticed a five-headed hydra
 16171 | D:11     | Noticed a tengu warrior
 16172 | D:11     | Killed a five-headed hydra
 16173 | D:11     | Reached XP level 12. HP: 54/112 MP: 13/13
 16184 | D:11     | Killed a tengu warrior
 16191 | D:11     | Noticed a tengu warrior
 16207 | D:11     | Killed a tengu warrior
 16208 | D:11     | HP: 5/114 [gargoyle/+0 mace (15)]
 16211 | D:11     | Killed from afar by a gargoyle

Illustrated notes

Levels and vault maps discovered:
D:1:      beargit_arrival_diablo_church, layout_basic, hangedman_decor_lopped
D:2:      layout_rooms, basic_altar
D:3:      layout_basic, shapermc_ecumenical_altar_notcrosses, st_stairs_14,
          nrook_campfire, uniq_natasha
D:4:      layout_rooms, nicolae_wormholes, uniq_crazy_yiuf_cottage
D:5:      layout_layer_cave, nicolae_overflow_squiral, uniq_menkaure
D:6:      layout_basic, gammafunk_temple_overflow_elements, temple_pool_b
D:7:      lemuel_insect_pit, layout_basic, lemuel_doored_altar,
          nicolae_overflow_crystal_walls, enter_bailey_3, serial_shops,
          nicolae_shop_overgrown_old_shop, shop, kennysheep_mini,
          kennysheep_mini_moat, shop_fountains, kennysheep_opposing_triangles,
          uniq_duvessa
D:8:      layout_layer_cave, serial_shops, nicolae_shop_advertising_works
          [nicolae_subvault_shop_adworks], st_stairs_12
D:9:      layout_loops_ring, tgw_sif, orc_0_dummy, serial_shops,
          nicolae_shop_behind_doors, nicolae_shop_firing_range
D:10:     layout_grid_maze, lemuel_round_altar, general_overflow_altar,
          mainiacjoe_overflow_paths
D:11:     minmay_the_grid_square_5x5_4x4 [minmay_the_grid_square_5x5_six,
          minmay_the_grid_square_5x5_minibox,
          minmay_the_grid_square_5x5_hourglass,
          minmay_the_grid_square_5x5_gyroscope,
          minmay_the_grid_square_5x5_eight_small,
          minmay_the_grid_square_5x5_prize_itemx,
          minmay_the_grid_square_5x5_prize_rear_guard,
          minmay_the_grid_square_5x5_three_walls,
          minmay_the_grid_square_5x5_two_walls_b,
          minmay_the_grid_square_5x5_prize_snowflake,
          minmay_the_grid_square_5x5_prize_waves, minmay_the_grid_square_5x5_v,
          minmay_the_grid_square_5x5_three_small, minmay_the_grid_square_5x5_c,
          minmay_the_grid_square_5x5_hollow_slash,
          minmay_the_grid_square_5x5_spiral], layout_long_grid,
          lair_entry_dummy, serial_shops, shop, shop_fountains, shop,
          kennysheep_little_box, nicolae_shop_stone

Skill      XL: |  1  2  3  4  5  6  7  8  9 10 11 12 |
---------------+-------------------------------------+-----
Stealth        | 1 2 3 4 5 7 9 11 12 | 12.9
Shields        | 3 4 5 6 7 8 |  8.2
Armour         | 3 4 5 6 7 |  7.5
Maces & Flails | 3 4 5 6 7 8 |  8.8
Fighting       | 4 5 7 8 9 |  9.1
Evocations     | 2 3 |  3.6
Invocations    | 2 3 |  3.0

Action                   |  1- 3 |  4- 6 |  7- 9 | 10-12 || total
-------------------------+-------+-------+-------+-------++-------
Melee: Flail             |    29 |       |       |       ||    29
       Morningstar       |    46 |    75 |   308 |   394 ||   823
Invok: Heroism           |       |       |     3 |     3 ||     6
       Finesse           |       |       |       |     1 ||     1
 Abil: Spit Poison       |    20 |    37 |    27 |     1 ||    85
Evoke: Wand              |       |       |     7 |     3 ||    10
  Use: Scroll            |       |       |    14 |    14 ||    28
       Potion            |       |       |     7 |     1 ||     8
 Stab: Invisible         |       |       |     4 |       ||     4
       Distracted        |       |       |       |     2 ||     2
Armor: Scale mail        |    32 |       |       |       ||    32
       Plate armour      |     7 |    64 |   377 |   550 ||   998
       Skin              |       |       |    10 |       ||    10
Dodge: Dodged            |    32 |    15 |    47 |    54 ||   148
Block: Buckler           |    11 |    34 |   110 |   172 ||   327
       Kite shield       |       |       |       |    18 ||    18

Table legend: (Time is in decaauts)
 A = Elapsed time spent in this place.
 B = Non-inter-level travel time spent in this place.
 C = Inter-level travel time spent in this place.
 D = Time resting spent in this place.
 E = Time spent auto-exploring this place.
 F = Levels seen in this place.
 G = Mean time per level.
                   A        B        C        D        E       F      G
               +--------+--------+--------+--------+--------+-----+--------+
         Total |  19597 |  19001 |    596 |   3010 |  13384 |  12 | 1633.1 |
       Dungeon |  18267 |  17671 |    596 |   2101 |  13321 |  11 | 1660.6 |
        Bailey |   1329 |   1329 |      0 |    909 |     62 |   1 | 1329.0 |
               +--------+--------+--------+--------+--------+-----+--------+

Top non-repeatable levels by time:
     D:5: 2669 daAuts
     D:7: 2489 daAuts
    D:10: 2372 daAuts
     D:6: 2020 daAuts
     D:8: 1904 daAuts
     D:9: 1503 daAuts
     D:3: 1407 daAuts
  Bailey: 1329 daAuts
     D:1: 1293 daAuts
     D:4: 1104 daAuts
     D:2: 807 daAuts
    D:11: 695 daAuts
